 Dungeon Crawl Stone Soup version 0.18.1-48-g4cf74bf (webtiles) character file.

94 theElss the Conjurer (level 4, -5/24 HPs)
             Began as a High Elf Conjurer on July 13, 2016.
             Killed by nerve-wracking pain
             ... invoked by Grinder
              (9 damage)
             ... on level 3 of the Dungeon.
             The game lasted 00:10:58 (2908 turns).

theElss the Conjurer (High Elf Conjurer)            Turns: 2908, Time: 00:10:58

Health: -5/24      AC:  3    Str:  8    XL:     4   Next: 38%
Magic:  6/10       EV: 13    Int: 19    God:
Gold:   90         SH:  0    Dex: 15    Spells: 3 memorised, 3 levels left

rFire  + . .     SeeInvis .     (no weapon)
rCold  + . .     Gourm    .     a - +0 robe
rNeg   . . .     Faith    .     (no shield)
rPois  +         Spirit   .     (no helmet)
rElec  +         Dismiss  .     (no cloak)
rCorr  +         Reflect  .     v - +0 pair of gloves
SustAt .         Harm     .     (no boots)
MR     .....     Rnd*Rage +     (no amulet)
Stlth  ++........               (no ring)
                                (no ring)

@: exhausted, resistant, very slightly contaminated, slowed, invisible, very
slow, not resistant to hostile enchantments, unstealthy
A: berserk 1, frail 1, evolution 1
a: no special abilities


You were on level 3 of the Dungeon.
You were very hungry.

You visited 1 branch of the dungeon, and saw 6 of its levels.

You collected 90 gold pieces.

Inventory:

Armour
 a - a +0 robe (worn)
 v - a +0 pair of gloves (worn)
Jewellery
 m - an uncursed ring of poison resistance {unknown}
 r - a +4 ring of intelligence {unknown}
Scrolls
 d - a scroll of teleportation {unknown}
 g - a scroll of noise {unknown}
 i - a scroll of immolation {unknown}
 l - a scroll of enchant armour {unknown}
 n - 3 scrolls of identify {unknown}
 p - a scroll of magic mapping {unknown}
 q - a scroll of fear {unknown}
 t - a scroll of blinking {unknown}
 x - 2 scrolls of random uselessness {unknown}
Potions
 e - 2 potions of mutation
 j - a potion of resistance
Books
 b - a book of Conjurations

   Spells                             Type                      Level
   a - Magic Dart                     Conjuration                  1
   b - Searing Ray                    Conjuration                  2
   c - Dazzling Spray                 Conjuration/Hexes            3
   d - Fulminant Prism                Conjuration/Hexes            4
   e - Iskenderun's Mystic Blast      Conjuration                  4
   f - Iskenderun's Battlesphere      Conjuration/Charms           5
 s - a book of Alchemy

   Spells                             Type                      Level
   a - Sublimation of Blood           Necromancy                   2
   b - Ignite Poison                  Fire/Transmutation/Poison    3
   c - Petrify                        Transmutation/Earth          4
   d - Alistair's Intoxication        Transmutation/Poison         5
   e - Irradiate                      Conjuration/Transmutation    5
Comestibles
 c - 4 bread rations
 f - 2 slices of pizza
 o - a chunk of flesh
 u - a meat ration
 w - 3 fruits


   Skills:
 + Level 0.4 Fighting
 + Level 2.4 Dodging
 - Level 2.1 Stealth
 + Level 3.5 Spellcasting
 + Level 5.7 Conjurations


You had 3 spell levels left.
You knew the following spells:

 Your Spells              Type           Power        Failure   Level  Hunger
a - Magic Dart            Conj           ####         1%          1    None
c - Searing Ray           Conj           ####..       1%          2    ##.....
d - Iskenderun's Mystic   Conj           ####....     14%         4    ####...


Dungeon Overview and Level Annotations

Branches:
Dungeon (6/15)
 Temple: D:4-7

Altars:
Cheibriados
Elyvilon
Ru
The Shining One

Annotations:
D:3 Britaniac's ghost, novice GrFi; Grinder


Innate Abilities, Weirdness & Mutations

You tend to lose your temper in combat.
You are frail (-10% HP).
You evolve.


Message History

You feel a strong urge to attack something.
You feel your anger subside.
You are no longer berserk.
You are exhausted.
You feel yourself slow down.
You are feeling very hungry.
Drink which item? (? for menu, Esc to quit)
It was a potion of resistance.
You feel protected.
Drink which item? (? for menu, Esc to quit)
It was a potion of invisibility.
You fade into invisibility!
Grinder gestures at you.
You suddenly lose the ability to move!
Grinder gestures at you. You resist with significant effort.
You can move again.
You barely miss Grinder. Grinder gestures at you.
Pain shoots through your body!
You die...

########.##
#........##
#.##....... #####
#.##...#.#.
#...#####.#........
#.#.....5......#.#.
#...#####.###.##.##
##5## #.# #.##.#
#@# #.###.##.# #.#
#........# #.#
####...### #.#
#.....# #..
#......)# #..
#.5....5..# ...
+.........+ #...
#.........#
##.......##


You could see Grinder.

Vanquished Creatures
  3 adders
  A shadow imp (D:5)
  A worm (D:2)
  2 dart slugs
  A giant gecko (D:3)
  4 bats (D:1)
  2 giant cockroaches
  9 goblins
  4 hobgoblins
  2 jackals (D:1)
  8 kobolds
  A quokka (D:3)
  5 giant newts
  6 rats
49 creatures vanquished.

Notes
Turn   | Place    | Note
--------------------------------------------------------------
     0 | D:1      | theElss the High Elf Conjurer began the quest for the Orb.
     0 | D:1      | Reached XP level 1. HP: 11/11 MP: 4/4
   401 | D:1      | Reached XP level 2. HP: 17/17 MP: 2/6
   593 | D:1      | Reached skill level 5 in Conjurations
   794 | D:1      | Learned a level 2 spell: Searing Ray
  1148 | D:2      | Reached XP level 3. HP: 7/21 MP: 0/8
  2110 | D:3      | Reached XP level 4. HP: 27/27 MP: 6/10
  2147 | D:3      | Learned a level 4 spell: Iskenderun's Mystic Blast
  2175 | D:3      | Found a glowing golden altar of the Shining One.
  2240 | D:3      | You fall through a shaft for 3 floors!
  2240 | D:6      | Noticed an ice beast
  2245 | D:5      | Entered Level 5 of the Dungeon
  2356 | D:3      | Found a snail-covered altar of Cheibriados.
  2736 | D:3      | Found a white marble altar of Elyvilon.
  2738 | D:3      | Found a sacrificial altar of Ru.
  2760 | D:3      | Noticed Britaniac's ghost (novice GrFi)
  2881 | D:3      | Noticed Grinder
  2886 | D:3      | Paralysed by Grinder for 3 turns
  2892 | D:3      | Gained mutation: You evolve. [potion of mutation]
  2892 | D:3      | Gained mutation: You are frail (-10% HP). [potion of mutation]
  2892 | D:3      | Gained mutation: You tend to lose your temper in combat. [potion of mutation]
  2905 | D:3      | Paralysed by Grinder for 3 turns
  2908 | D:3      | Killed from afar by Grinder

Skill      XL: |  1  2  3 |
---------------+----------+-----
Conjurations   | 5 |  5.7
Spellcasting   | 3 |  3.5
Fighting       | |  0.4
Dodging        | |  2.4
Stealth        | |  2.1

Action                   |  1- 3 |  4- 6 || total
-------------------------+-------+-------++-------
Melee: Unarmed           |     5 |     1 ||     6
 Cast: Magic Dart        |    72 |    23 ||    95
       Searing Ray       |     2 |     4 ||     6
  Use: Potion            |       |     4 ||     4
  Eat: Chunk             |     4 |     2 ||     6
Armor: Robe              |     4 |       ||     4
Dodge: Dodged            |     9 |     2 ||    11
